 Dungeon Crawl Stone Soup version 0.30.1-4-g462c640d31 (webtiles) character file.

Game seed: 8353444585148187139

270 Peloso the Slasher (level 6, -3/60 HPs)
             Began as a Minotaur Fighter on Sept 16, 2023.
             Slain by an ogre
             ... wielding a +0 giant spiked club
              (20 damage)
             ... on level 4 of the Dungeon.
             The game lasted 00:05:35 (2646 turns).

Peloso the Slasher (Minotaur Fighter)               Turns: 2646, Time: 00:05:36

Health: -3/60      AC:  9    Str: 20    XL:     6   Next: 1%
Magic:  5/5        EV:  9    Int:  5    God:
Gold:   48         SH:  5    Dex: 12    Spells: 5/5 levels left

rFire   . . .        a - +1 long sword
rCold   . . .        d - +0 buckler
rNeg    . . .        b - +0 scale mail
rPois   .            (helmet restricted)
rElec   .            (no cloak)
rCorr   .            (no gloves)
SInv    .            n - +1 pair of boots
Will    .....        (no amulet) Stlth
                     (no ring)
HPRegen 0.30/turn    (no ring)
MPRegen 0.09/turn

%: no passive effects
@: no status effects
A: horns 2, retaliatory headbutt, sense surroundings 1, robust 1
a: no special abilities


You were on level 4 of the Dungeon.
You visited 1 branch of the dungeon, and saw 4 of its levels.

You collected 163 gold pieces.
You spent 115 gold pieces at shops.

Inventory:

Hand Weapons
 a - a +1 long sword (weapon)
Armour
 b - a +0 scale mail (worn)
 c - a +0 pair of boots
 d - a +0 buckler (worn)
 n - a +1 pair of boots (worn)
Jewellery
 g - an amulet of the acrobat
 k - a ring of see invisible
Scrolls
 f - a scroll of amnesia
 h - a scroll of immolation
 i - a scroll of teleportation
 l - a scroll of identify
 m - a scroll of fog
 o - a scroll of magic mapping
 p - a scroll of poison
 q - a scroll of blinking
Potions
 e - a potion of haste {unknown}
 j - a potion of might


   Skills:
 + Level 4.8 Fighting
 + Level 5.0 Long Blades
 + Level 5.0 Armour
 + Level 0.8 Dodging
 + Level 0.5 Stealth
 + Level 4.4 Shields


You had 5 spell levels left.
You didn't know any spells.
Your spell library contained the following spells:

 Spells                   Type           Power      Damage    Failure   Level
 Necrotise                Necr           0%         1d4       87%         1
 Vampiric Draining        Necr           0%         2d6       99%         3
 Agony                    Necr           0%         N/A       100%        5


Dungeon Overview and Level Annotations

Branches:
Dungeon (4/15)
 Temple: D:4-7

Altars:
Wu Jian

Shops:
D:4 ?


Innate Abilities, Weirdness & Mutations

You have a pair of horns on your head.
You reflexively headbutt those who attack you in melee.
You passively map a small area around you.
You are robust. (+10% HP)


Message History

The hound bites you but does no damage. x2
You hit the hound. You headbutt the hound.
The hound is almost dead.
The hound bites you but does no damage. x2
You hit the hound.
You kill the hound!
Your Long Blades skill increases to level 5!
You see here a hound corpse.
q - a scroll of blinking An adder comes into view.
An adder is nearby!
An adder is nearby!
An adder is nearby!
The adder hisses angrily.
The adder bites you. The adder completely misses you.
The adder bites you but does no damage.
You hit the adder.
The adder is lightly wounded.
You block the adder's attack.
You barely miss the adder. Your headbutt misses the adder.
The adder is lightly wounded.
The adder bites you but does no damage. x2
You slash the adder!
You kill the adder!
Your Armour skill increases to level 5!
You have reached level 6!
The ogre shouts!
An ogre is nearby!
An ogre is nearby!
You hit the ogre.
The ogre is moderately wounded.
The ogre hits you with a +0 giant spiked club!
You hit the ogre.
The ogre is moderately wounded.
The ogre hits you with a +0 giant spiked club!!
* * * LOW HITPOINT WARNING * * *
You slash the ogre!
The ogre is severely wounded.
The ogre hits you with a +0 giant spiked club!!
You die...

†...........## * ,
.............##
..............###
...##...........##
..####...........### .#
.## ##............###...
########.................
*
.................<.......
................@O.......
###...........####.....>
, #...........# .....)
*#...........# *, .....
*#...........# .....
*##..........#* ,...., *
, #.........## .... *
#.........# , , * *
##.......##


You could see an ogre.

Vanquished Creatures
  A hound (D:4)
  A jelly (D:4)
  Jessica (D:3)
  Natasha (thrice) (D:3)
  5 adders
  A dart slug (D:1)
  An orc (D:4)
  3 ball pythons
  5 bats
  3 giant cockroaches
  5 goblins
  7 hobgoblins
  9 jackals
  2 quokkas
  3 frilled lizards
  6 kobolds
  8 rats
  A spectral goblin (D:1)
65 creatures vanquished.

Notes
Turn   | Place    | Note
-------+----------+-------------------------------------------
     0 | D:1      | Peloso the Minotaur Fighter began the quest for the Orb.
     0 | D:1      | Reached XP level 1. HP: 19/19 MP: 0/0
   215 | D:1      | Reached XP level 2. HP: 27/27 MP: 1/1
   216 | D:1      | Found a faded altar of an unknown god.
   475 | D:1      | Gained mutation: You are clumsy. (Dex -2) [potion of
                  | mutation]
   475 | D:1      | Gained mutation: Your mind is acute. (Int +4, Str/Dex -1)
                  | [potion of mutation]
   476 | D:1      | Lost mutation: Your mind is acute. (Int +4, Str/Dex -1)
                  | [potion of mutation]
   476 | D:1      | Lost mutation: You are clumsy. (Dex -2) [potion of
                  | mutation]
   476 | D:1      | Gained mutation: You are robust. (+10% HP) [potion of
                  | mutation]
   476 | D:1      | Gained mutation: You passively map a small area around you.
                  | [potion of mutation]
  1032 | D:2      | Reached XP level 3. HP: 25/36 MP: 2/2
  1608 | D:2      | Found an ornate altar of the Wu Jian Council.
  1813 | D:3      | Reached XP level 4. HP: 44/44 MP: 3/3
  1933 | D:3      | Noticed Jessica
  1939 | D:3      | Killed Jessica
  2031 | D:3      | Noticed Natasha
  2039 | D:3      | Killed Natasha
  2040 | D:3      | Reached XP level 5. HP: 37/51 MP: 4/4
  2175 | D:3      | Noticed Natasha
  2184 | D:3      | Killed Natasha
  2285 | D:3      | Noticed Natasha
  2290 | D:3      | Killed Natasha
  2374 | D:4      | Noticed an ogre
  2526 | D:4      | Found Yruocsobb's Magic Scroll Emporium.
  2539 | D:4      | Bought a scroll of magic mapping for 75 gold pieces
  2539 | D:4      | Bought a scroll of poison for 40 gold pieces
  2598 | D:4      | Reached skill level 5 in Long Blades
  2637 | D:4      | Reached skill level 5 in Armour
  2637 | D:4      | Reached XP level 6. HP: 60/60 MP: 5/5
  2646 | D:4      | Slain by an ogre

Illustrated notes

Levels and vault maps discovered:
D:1:      dpeg_arrival_simpleton_b, layout_loops_corners,
          dreamdust_ecumenical_altar_drowned_temple
D:2:      layout_basic, basic_altar
D:3:      layout_basic, uniq_jessica, uniq_natasha
D:4:      layout_cave_pods, serial_shops, nicolae_shop_waterfront

Skill      XL: |  1  2  3  4  5 |
---------------+----------------+-----
Fighting       | 4 |  4.8
Armour         | 4 5 |  5.0
Shields        | 4 |  4.4
Long Blades    | 3 4 5 |  5.0
Dodging        | |  0.8
Stealth        | |  0.5

Action                     |  1- 3 |  4- 6 || total
---------------------------+-------+-------++-------
  Melee: Long sword        |    93 |    64 ||   157
         Headbutt          |     7 |     6 ||    13
    Use: Scroll            |     7 |       ||     7
         Potion            |     7 |       ||     7
 Armour: Scale mail        |    48 |    30 ||    78
  Dodge: Dodged            |    41 |    41 ||    82
  Block: Buckler           |    22 |    17 ||    39
